[Event "22nd ETCC Women 2019"]
[Site "Batumi"]
[Date "2019.10.25"]
[Round "2.26"]
[White "Janzelj, Lara"]
[Black "Bejatovic, Bojana"]
[Result "1-0"]
[ECO "E93"]
[WhiteElo "2159"]
[BlackElo "2004"]
[Annotator "NA"]
[PlyCount "113"]
[EventDate "2019.10.24"]
[EventType "team-tourn"]
[EventCountry "GEO"]
[SourceTitle "playchess.com"]
[Source "ChessBase"]
[SourceQuality "1"]
[WhiteTeam "Slovenia"]
[BlackTeam "Macedonia"]
[WhiteTeamCountry "SLO"]
[BlackTeamCountry "MKD"]
[TimeControl "40/5400+30:1800+30"]

1. d4 Nf6 2. c4 g6 3. Nc3 Bg7 4. e4 d6 5. Be2 O-O 6. Nf3 e5 7. d5 Nbd7 8. Be3 Ng4 9. Bg5 f6 10. Bc1 a5 11. h3 Nh6 12. h4 Nc5 13. h5 g5 14. Be3 Nf7 15. Qc2 Bd7 16. Nh2 Qc8 17. g4 Na6 18. f3 Nb4 19. Qd2 Re8 20. Nf1 h6 21. Ng3 Bf8 22. O-O a4 23. Bd1 a3 24. b3 c6 25. Nb1 c5 26. Qc1 Ra5 27. Be2 Qa8 28. Bd2 Rc8 29. Kg2 Qa7 30. Nc3 Qb6 31. Nb5 Rca8 32. Qc3 Be7 33. Rfc1 Bd8 34. Qe3 Kh7 35. Bf1 Rc8 36. Qe1 Ra6 37. Bxb4 cxb4 38. Qxb4 Bxb5 39. cxb5 Raa8 40. Nf5 Bc7 41. Rc2 Rd8 42. Qc3 Bb8 43. Bd3 Ba7 44. Qc7 Kg8 45. Qe7 Rdc8 46. Rxc8+ Rxc8 47. Rf1 Qd8 48. Qxb7 Rc7 49. Qa6 Bc5 50. Rc1 Ra7 51. Qxa7 Bxa7 52. Rc8 Qxc8 53. Ne7+ Kf8 54. Nxc8 Bb8 55. b6 Ke8 56. Bb5+ Kd8 57. Na7 1-0

[Event "22nd ETCC Women 2019"]
[Site "Batumi"]
[Date "2019.10.25"]
[Round "2.27"]
[White "Velikic, Adela"]
[Black "Cyfka, Karina"]
[Result "1-0"]
[ECO "E20"]
[WhiteElo "2275"]
[BlackElo "2412"]
[Annotator "NA"]
[PlyCount "117"]
[EventDate "2019.10.24"]
[EventType "team-tourn"]
[EventCountry "GEO"]
[SourceTitle "playchess.com"]
[Source "ChessBase"]
[SourceQuality "1"]
[WhiteTeam "Serbia"]
[BlackTeam "Poland"]
[WhiteTeamCountry "SRB"]
[BlackTeamCountry "POL"]
[TimeControl "40/5400+30:1800+30"]

1. d4 Nf6 2. c4 e6 3. Nc3 Bb4 4. g3 O-O 5. Bg2 d6 6. Qb3 Nc6 7. Bxc6 Bxc3+ 8. Qxc3 bxc6 9. Bg5 h6 10. Bxf6 Qxf6 11. Rc1 Qf5 12. b3 c5 13. Qf3 Qg5 14. Rd1 Rb8 15. Nh3 Qg6 16. Nf4 Qc2 17. dxc5 Bb7 18. c6 Ba8 19. O-O Rb6 20. Ra1 Rxc6 21. Qe3 Qf5 22. Nd3 a5 23. Rac1 Rd8 24. f3 Ra6 25. Rfd1 Rb8 26. Rd2 c5 27. Nb2 Qf6 28. Na4 Rc8 29. Rcd1 Qe7 30. Nc3 Qf8 31. Qf4 e5 32. Qf5 Rb8 33. Nb5 d5 34. Qxe5 Re6 35. Qc7 d4 36. Qxa5 Bc6 37. Nc7 Qd8 38. b4 Rxb4 39. Qxc5 Qxc7 40. Qxb4 Rg6 41. Kg2 Re6 42. Qb2 Qe5 43. Rf1 Rd6 44. a3 h5 45. Rfd1 Ba4 46. Rc1 h4 47. c5 h3+ 48. Kf1 Rd8 49. Rc4 Bc6 50. Rcxd4 Re8 51. Rd8 Qxc5 52. Rxe8+ Bxe8 53. Rd8 Qe3 54. Qd2 Qe7 55. a4 Kh7 56. a5 Bc6 57. Qd6 Qb7 58. Qd3+ g6 59. Qd4 1-0

[Event "22nd ETCC Women 2019"]
[Site "Batumi"]
[Date "2019.10.25"]
[Round "2.27"]
[White "Manova, Ivana"]
[Black "Hrescak, Ivana"]
[Result "0-1"]
[ECO "B23"]
[WhiteElo "1795"]
[BlackElo "2226"]
[Annotator "NA"]
[PlyCount "52"]
[EventDate "2019.10.24"]
[EventType "team-tourn"]
[EventCountry "GEO"]
[SourceTitle "playchess.com"]
[Source "ChessBase"]
[SourceQuality "1"]
[WhiteTeam "Macedonia"]
[BlackTeam "Slovenia"]
[WhiteTeamCountry "MKD"]
[BlackTeamCountry "SLO"]
[TimeControl "40/5400+30:1800+30"]

1. e4 c5 2. Nc3 d6 3. Nf3 Nf6 4. d4 cxd4 5. Qxd4 a6 6. Bg5 Nc6 7. Qd2 h6 8. Bh4 g5 9. Bg3 Nh5 10. Nd5 Bg7 11. c3 Be6 12. Be2 Rc8 13. O-O O-O 14. Rad1 Qe8 15. Qe3 Kh8 16. Nxg5 Nxg3 17. fxg3 hxg5 18. Qxg5 Kg8 19. Nf4 Ne5 20. Nxe6 fxe6 21. Bh5 Qb5 22. Qxe7 Qc5+ 23. Kh1 Qc4 24. Kg1 Bh6 25. Rfe1 Rcd8 26. Rd4 Be3+ 0-1

[Event "22nd ETCC Women 2019"]
[Site "Batumi"]
[Date "2019.10.25"]
[Round "2.28"]
[White "Sliwicka, Alicja"]
[Black "Gajcin, Marina"]
[Result "1-0"]
[ECO "B33"]
[WhiteElo "2307"]
[BlackElo "2262"]
[Annotator "NA"]
[PlyCount "69"]
[EventDate "2019.10.24"]
[EventType "team-tourn"]
[EventCountry "GEO"]
[SourceTitle "playchess.com"]
[Source "ChessBase"]
[SourceQuality "1"]
[WhiteTeam "Poland"]
[BlackTeam "Serbia"]
[WhiteTeamCountry "POL"]
[BlackTeamCountry "SRB"]
[TimeControl "40/5400+30:1800+30"]

1. e4 c5 2. Nf3 Nc6 3. d4 cxd4 4. Nxd4 Nf6 5. Nc3 e5 6. Ndb5 d6 7. Bg5 a6 8. Na3 b5 9. Bxf6 gxf6 10. Nd5 f5 11. Bd3 Be6 12. O-O Bg7 13. Qh5 h6 14. c3 O-O 15. Nc2 fxe4 16. Bxe4 f5 17. Nf4 exf4 18. Bxc6 Rc8 19. Qf3 Kh8 20. Rfe1 Be5 21. Nd4 Bc4 22. Rad1 Qg5 23. Bd7 Rc7 24. Be6 Qg6 25. Bxc4 Rxc4 26. Nc6 Re4 27. Rf1 Qe6 28. Rd3 Bg7 29. Qd1 Rf6 30. Nd8 Qxa2 31. Rxd6 Qxb2 32. Rxf6 Bxf6 33. Qd7 Re7 34. Qc8 Qxc3 35. Nc6+ 1-0

[Event "22nd ETCC Women 2019"]
[Site "Batumi"]
[Date "2019.10.25"]
[Round "2.28"]
[White "Vidic, Teja"]
[Black "Koskoska, Gabriela"]
[Result "1-0"]
[ECO "B11"]
[WhiteElo "2174"]
[BlackElo "2036"]
[Annotator "NA"]
[PlyCount "69"]
[EventDate "2019.10.24"]
[EventType "team-tourn"]
[EventCountry "GEO"]
[SourceTitle "playchess.com"]
[Source "ChessBase"]
[SourceQuality "1"]
[WhiteTeam "Slovenia"]
[BlackTeam "Macedonia"]
[WhiteTeamCountry "SLO"]
[BlackTeamCountry "MKD"]
[TimeControl "40/5400+30:1800+30"]

1. e4 c6 2. Nf3 d5 3. Nc3 Bg4 4. h3 Bxf3 5. Qxf3 e6 6. Be2 Nd7 7. d4 dxe4 8. Nxe4 Ngf6 9. O-O Nxe4 10. Qxe4 Nf6 11. Qd3 Be7 12. Qg3 Qxd4 13. Rd1 Qb6 14. Be3 c5 15. Qxg7 Rg8 16. Qh6 Qc6 17. g3 Rg6 18. Qf4 Nd5 19. Bf3 Rd8 20. Qe5 Bf6 21. Bxd5 Rxd5 22. Qb8+ Ke7 23. Qxa7 Bd4 24. Bxd4 cxd4 25. Rxd4 Rh5 26. Qb8 Qb6 27. Rad1 Rd5 28. Rxd5 exd5 29. Rxd5 Re6 30. Kg2 f6 31. Qg8 Re2 32. Qxh7+ Kf8 33. Qh8+ Kf7 34. Rd7+ Kg6 35. Qh7+ 1-0

[Event "22nd ETCC Women 2019"]
[Site "Batumi"]
[Date "2019.10.25"]
[Round "2.29"]
[White "Hoang, Thanh Trang"]
[Black "Avramidou, Anastasia"]
[Result "1-0"]
[ECO "A48"]
[WhiteElo "2414"]
[BlackElo "2247"]
[Annotator "NA"]
[PlyCount "127"]
[EventDate "2019.10.24"]
[EventType "team-tourn"]
[EventCountry "GEO"]
[SourceTitle "playchess.com"]
[Source "ChessBase"]
[SourceQuality "1"]
[WhiteTeam "Hungary"]
[BlackTeam "Greece"]
[WhiteTeamCountry "HUN"]
[BlackTeamCountry "GRE"]
[TimeControl "40/5400+30:1800+30"]

1. d4 Nf6 2. Nf3 g6 3. Bf4 Bg7 4. e3 d6 5. Be2 Nh5 6. Bg5 h6 7. Bh4 g5 8. Nfd2 gxh4 9. Bxh5 e6 10. Nc3 Nd7 11. Qe2 Qe7 12. Bf3 c5 13. Nb3 a6 14. O-O O-O 15. Rad1 Rb8 16. dxc5 dxc5 17. Ne4 Be5 18. Qd2 b6 19. Nd6 Nf6 20. Rfe1 Qc7 21. Nxc8 Bxh2+ 22. Kh1 Rbxc8 23. Qe2 b5 24. c4 b4 25. Nxc5 Qxc5 26. Kxh2 Qxc4 27. Rd4 Qxe2 28. Rxe2 a5 29. Rxh4 Kg7 30. Rd4 e5 31. Rh4 Rfd8 32. b3 Rc3 33. Bb7 Rd6 34. g3 Rb6 35. Bg2 Rd6 36. Bb7 Rd1 37. Kg2 Rc7 38. Ba8 Rc8 39. Bb7 Rc7 40. Ba8 Rdc1 41. Rh1 R7c2 42. Rhe1 Ne8 43. Rxc1 Rxe2 44. Rc5 Rxa2 45. Rxe5 Nc7 46. Bc6 Ra3 47. Ba4 Kf6 48. Rxa5 Ke6 49. Rh5 Nd5 50. Bb5 Nb6 51. Rxh6+ f6 52. g4 Ra5 53. Bd3 Rc5 54. Bf5+ Ke7 55. Rh7+ Kd6 56. Rb7 Kc6 57. Rf7 Nd5 58. Be4 Kb5 59. Bxd5 Rxd5 60. Rxf6 Rd3 61. g5 Rxb3 62. g6 Rc3 63. g7 Rc8 64. Rf8 1-0

[Event "22nd ETCC Women 2019"]
[Site "Batumi"]
[Date "2019.10.25"]
[Round "2.30"]
[White "Pavlidou, Ekaterini"]
[Black "Gara, Anita"]
[Result "1/2-1/2"]
[ECO "D90"]
[WhiteElo "2183"]
[BlackElo "2366"]
[Annotator "NA"]
[PlyCount "124"]
[EventDate "2019.10.24"]
[EventType "team-tourn"]
[EventCountry "GEO"]
[SourceTitle "playchess.com"]
[Source "ChessBase"]
[SourceQuality "1"]
[WhiteTeam "Greece"]
[BlackTeam "Hungary"]
[WhiteTeamCountry "GRE"]
[BlackTeamCountry "HUN"]
[TimeControl "40/5400+30:1800+30"]

1. d4 Nf6 2. c4 g6 3. Nc3 d5 4. Nf3 Bg7 5. h4 c6 6. Bg5 dxc4 7. e4 Be6 8. Qd2 h6 9. Be3 b5 10. a3 Qa5 11. Rd1 Nbd7 12. Be2 Rd8 13. d5 cxd5 14. Nd4 Rc8 15. O-O dxe4 16. Ndxb5 Nc5 17. Bf4 Nd3 18. Bc7 Qa6 19. Bxd3 exd3 20. Rde1 Qb7 21. Be5 O-O 22. Bf4 Kh7 23. Nd4 Bg4 24. f3 Nd5 25. Be5 Bd7 26. Bxg7 Kxg7 27. Nxd5 Qxd5 28. Qc3 Qc5 29. f4 Kg8 30. Re5 Qb6 31. Kh1 Qf6 32. h5 Qh4+ 33. Kg1 Bg4 34. hxg6 fxg6 35. b3 Qg3 36. Rxe7 Rxf4 37. Nf3 Rf7 38. Rxf7 Kxf7 39. Ne5+ Kg8 40. Nxg6 Qe3+ 41. Kh1 Kh7 42. Nf8+ Kg8 43. Qf6 Qe8 44. Ng6 Kh7 45. Ne5 Qh5+ 46. Kg1 Rg8 47. Nxc4 Rg7 48. Qf4 Qc5+ 49. Kh2 Qd5 50. Ne5 Be6 51. Rf2 Rg5 52. Nc4 Rf5 53. Qc7+ Rf7 54. Rxf7+ Bxf7 55. Qxa7 Kg7 56. Qe3 Qh5+ 57. Kg3 Qg6+ 58. Kf2 Qf6+ 59. Qf3 Qd4+ 60. Qe3 Qf6+ 61. Qf3 Qd4+ 62. Qe3 Qf6+ 1/2-1/2

[Event "22nd ETCC Women 2019"]
[Site "Batumi"]
[Date "2019.10.25"]
[Round "2.31"]
[White "Lazarne Vajda, Szidonia"]
[Black "Makropoulou, Marina"]
[Result "0-1"]
[ECO "E46"]
[WhiteElo "2353"]
[BlackElo "2201"]
[Annotator "NA"]
[PlyCount "96"]
[EventDate "2019.10.24"]
[EventType "team-tourn"]
[EventCountry "GEO"]
[SourceTitle "playchess.com"]
[Source "ChessBase"]
[SourceQuality "1"]
[WhiteTeam "Hungary"]
[BlackTeam "Greece"]
[WhiteTeamCountry "HUN"]
[BlackTeamCountry "GRE"]
[TimeControl "40/5400+30:1800+30"]

1. d4 Nf6 2. c4 e6 3. Nc3 Bb4 4. e3 O-O 5. Bd2 b6 6. Nf3 Bb7 7. Rc1 c5 8. a3 Ba5 9. Be2 d6 10. O-O Nc6 11. d5 Ne7 12. dxe6 fxe6 13. Ng5 Qd7 14. Bf3 Bxf3 15. Nxf3 Nc6 16. Qe2 Qe7 17. Rfd1 Rad8 18. Be1 Bxc3 19. Bxc3 Ne4 20. Be1 Rf7 21. Nd2 Nxd2 22. Rxd2 d5 23. b4 d4 24. b5 Na5 25. Rd3 e5 26. exd4 exd4 27. Qxe7 Rxe7 28. Bxa5 bxa5 29. Kf1 Rde8 30. Rd2 Kf7 31. a4 Kf6 32. h3 g5 33. Rb1 Re6 34. g3 Kf5 35. Kg2 Re1 36. Rdb2 Rxb1 37. Rxb1 Re2 38. b6 axb6 39. Rxb6 Rc2 40. Rb5 Rxc4 41. Rxa5 Ke4 42. Ra7 d3 43. Re7+ Kd4 44. Kf3 Kc3 45. Rd7 Rd4 46. Rxd4 cxd4 47. a5 d2 48. Ke2 Kc2 0-1

[Event "22nd ETCC Women 2019"]
[Site "Batumi"]
[Date "2019.10.25"]
[Round "2.32"]
[White "Makka, Ioulia"]
[Black "Gara, Ticia"]
[Result "0-1"]
[ECO "B47"]
[WhiteElo "2048"]
[BlackElo "2322"]
[Annotator "NA"]
[PlyCount "112"]
[EventDate "2019.10.24"]
[EventType "team-tourn"]
[EventCountry "GEO"]
[SourceTitle "playchess.com"]
[Source "ChessBase"]
[SourceQuality "1"]
[WhiteTeam "Greece"]
[BlackTeam "Hungary"]
[WhiteTeamCountry "GRE"]
[BlackTeamCountry "HUN"]
[TimeControl "40/5400+30:1800+30"]

1. e4 c5 2. Nf3 e6 3. d4 cxd4 4. Nxd4 Nc6 5. Nc3 Qc7 6. f4 a6 7. Nxc6 Qxc6 8. Bd3 Bc5 9. Qe2 Ne7 10. Bd2 O-O 11. Rf1 b5 12. a3 Bb7 13. Rf3 f5 14. Rh3 g6 15. g4 d5 16. exd5 exd5 17. gxf5 Nxf5 18. O-O-O Rae8 19. Qf1 Ne3 20. Bxe3 Bxe3+ 21. Kb1 Rxf4 22. Qe1 d4 23. Ne2 Rf2 24. Qa5 Rc8 25. Qb4 Qc5 26. Qe1 Bf3 27. c3 Bxe2 28. Bxe2 Qf5+ 29. Rd3 Rxe2 30. Qxe2 Qxh3 31. cxd4 Re8 32. d5 Qh5 33. Qc2 Qe5 34. d6 Bg5 35. d7 Rd8 36. Qb3+ Kg7 37. Ka2 Bf6 38. h3 Qc5 39. Qd1 b4 40. axb4 Qxb4 41. Rd2 Qa5+ 42. Kb1 Qf5+ 43. Ka1 Qxh3 44. Ka2 Qe6+ 45. Kb1 Qe4+ 46. Ka1 Qb4 47. Kb1 a5 48. Re2 Qb5 49. Rd2 Bc3 50. Rf2 Rxd7 51. Qf3 Qd3+ 52. Qxd3 Rxd3 53. bxc3 Rxc3 54. Ra2 Rc5 55. Kb2 h5 56. Kb3 h4 0-1

[Event "22nd ETCC Women 2019"]
[Site "Batumi"]
[Date "2019.10.25"]
[Round "2.33"]
[White "Golubenko, Valentina"]
[Black "Repkova, Eva"]
[Result "0-1"]
[ECO "D30"]
[WhiteElo "2274"]
[BlackElo "2315"]
[Annotator "NA"]
[PlyCount "114"]
[EventDate "2019.10.24"]
[EventType "team-tourn"]
[EventCountry "GEO"]
[SourceTitle "playchess.com"]
[Source "ChessBase"]
[SourceQuality "1"]
[WhiteTeam "Croatia"]
[BlackTeam "Slovakia"]
[WhiteTeamCountry "CRO"]
[BlackTeamCountry "SVK"]
[TimeControl "40/5400+30:1800+30"]

1. d4 d5 2. c4 e6 3. Nf3 Nf6 4. g3 Bb4+ 5. Bd2 Bd6 6. Bg2 c6 7. Qc2 Nbd7 8. O-O O-O 9. c5 Bc7 10. Nc3 e5 11. dxe5 Nxe5 12. Nxe5 Bxe5 13. Rad1 Qe7 14. b4 a5 15. a3 axb4 16. axb4 Bg4 17. f3 Bh5 18. Rde1 Ra3 19. Nb1 Ra6 20. f4 Bc7 21. Nc3 Bg6 22. f5 Bh5 23. e4 d4 24. e5 Bxe5 25. Bf4 Nd7 26. b5 Ra3 27. Nb1 Ra5 28. g4 Bxg4 29. Bxe5 Nxe5 30. Qe4 Re8 31. Nd2 Rxb5 32. Qf4 f6 33. Ne4 Rd8 34. Ng3 Qxc5 35. Rxe5 Qxe5 36. Qxg4 d3 37. Be4 Qd4+ 38. Kh1 Rb4 39. Qd1 Qe5 40. Qf3 d2 41. Rd1 Rdd4 42. Bc2 Qd5 43. Qxd5+ Rxd5 44. Kg2 c5 45. Kf2 c4 46. Ne2 Rb2 47. Nc3 Rd8 48. Be4 b5 49. Bd5+ Kf8 50. Be6 Rd3 51. Nd5 c3 52. h4 c2 53. Ra1 Rxd5 54. Ra8+ Ke7 55. Ra7+ Kd6 56. Rd7+ Kc6 57. Rxd5 d1=Q 0-1

[Event "22nd ETCC Women 2019"]
[Site "Batumi"]
[Date "2019.10.25"]
[Round "2.34"]
[White "Hagarova, Zuzana"]
[Black "Franciskovic, Borka"]
[Result "1-0"]
[ECO "B13"]
[WhiteElo "2295"]
[BlackElo "2262"]
[Annotator "NA"]
[PlyCount "69"]
[EventDate "2019.10.24"]
[EventType "team-tourn"]
[EventCountry "GEO"]
[SourceTitle "playchess.com"]
[Source "ChessBase"]
[SourceQuality "1"]
[WhiteTeam "Slovakia"]
[BlackTeam "Croatia"]
[WhiteTeamCountry "SVK"]
[BlackTeamCountry "CRO"]
[TimeControl "40/5400+30:1800+30"]

1. e4 c6 2. d4 d5 3. exd5 cxd5 4. Bd3 Nc6 5. c3 Nf6 6. Bf4 Bg4 7. Qb3 Qc8 8. Nd2 e6 9. Ngf3 Be7 10. O-O Bh5 11. Rfe1 Bg6 12. Bxg6 hxg6 13. h3 O-O 14. Ne5 Nxe5 15. Bxe5 Qc6 16. Qd1 b5 17. Re3 b4 18. h4 Rfc8 19. Rh3 bxc3 20. bxc3 Qa6 21. h5 gxh5 22. Qf3 Qa4 23. Nb3 a5 24. Bxf6 Bxf6 25. Qxh5 Kf8 26. Nc5 Qc2 27. Rf3 Ke7 28. Re3 Rd8 29. Rae1 Rd6 30. Qh3 Ra7 31. Nxe6 fxe6 32. Rxe6+ Rxe6 33. Qxe6+ Kd8 34. Qb6+ Rc7 35. Qb8+ 1-0

[Event "22nd ETCC Women 2019"]
[Site "Batumi"]
[Date "2019.10.25"]
[Round "2.35"]
[White "Medic, Mirjana"]
[Black "Movsesian, Julia"]
[Result "1/2-1/2"]
[ECO "D31"]
[WhiteElo "2163"]
[BlackElo "2307"]
[Annotator "NA"]
[PlyCount "60"]
[EventDate "2019.10.24"]
[EventType "team-tourn"]
[EventCountry "GEO"]
[SourceTitle "playchess.com"]
[Source "ChessBase"]
[SourceQuality "1"]
[WhiteTeam "Croatia"]
[BlackTeam "Slovakia"]
[WhiteTeamCountry "CRO"]
[BlackTeamCountry "SVK"]
[TimeControl "40/5400+30:1800+30"]

1. d4 d5 2. c4 e6 3. Nc3 a6 4. cxd5 exd5 5. Qc2 Nf6 6. Bg5 Be6 7. e3 Bd6 8. Bd3 h6 9. Bh4 Nbd7 10. Nge2 Qe7 11. Bg3 Bxg3 12. Nxg3 O-O 13. O-O Nb6 14. Rad1 Rfe8 15. Rfe1 Rad8 16. Na4 Nxa4 17. Qxa4 Ne4 18. Qc2 Nxg3 19. hxg3 c6 20. Bf5 Qg5 21. Bh3 h5 22. e4 Bxh3 23. gxh3 dxe4 24. Rxe4 Rxe4 25. Qxe4 Qd5 26. Qxd5 Rxd5 27. Kf1 c5 28. Ke2 cxd4 29. Kd3 Rd7 30. Re1 Kf8 1/2-1/2

[Event "22nd ETCC Women 2019"]
[Site "Batumi"]
[Date "2019.10.25"]
[Round "2.36"]
[White "Cibickova, Zuzana"]
[Black "Cvitan, Ena"]
[Result "1/2-1/2"]
[ECO "B10"]
[WhiteElo "2258"]
[BlackElo "2182"]
[Annotator "NA"]
[PlyCount "120"]
[EventDate "2019.10.24"]
[EventType "team-tourn"]
[EventCountry "GEO"]
[SourceTitle "playchess.com"]
[Source "ChessBase"]
[SourceQuality "1"]
[WhiteTeam "Slovakia"]
[BlackTeam "Croatia"]
[WhiteTeamCountry "SVK"]
[BlackTeamCountry "CRO"]
[TimeControl "40/5400+30:1800+30"]

1. e4 c6 2. Nc3 d5 3. Nf3 dxe4 4. Nxe4 Nf6 5. Nxf6+ exf6 6. g3 Bd6 7. Bg2 O-O 8. O-O Na6 9. d3 Re8 10. Be3 Nc7 11. c4 Be6 12. Qb3 Qc8 13. Rfe1 a5 14. a3 a4 15. Qc2 Qd7 16. Nd2 Be7 17. Ne4 Rad8 18. Bb6 Rb8 19. Qxa4 Na8 20. Ba7 Rbc8 21. Nc5 Bxc5 22. Bxc5 Qxd3 23. Bf1 Qf3 24. Qd1 Qf5 25. Be3 Red8 26. Qe2 Qg6 27. Rad1 Re8 28. Rd4 Nb6 29. b3 Nd7 30. Bf4 Ra8 31. b4 h5 32. Qd2 Rxa3 33. Rxe6 Rxe6 34. Rxd7 Ra1 35. Be3 Qb1 36. Rd8+ Kh7 37. Qd3+ f5 38. Qxb1 Rxb1 39. Bd2 f4 40. Rd3 fxg3 41. hxg3 h4 42. g4 Re4 43. f4 Rxc4 44. Kf2 Rb2 45. Ke3 g5 46. Rd7 gxf4+ 47. Kf3 Rxd2 48. Rxf7+ Kg6 49. Bxc4 b5 50. Rxf4 bxc4 51. Rxc4 h3 52. Rxc6+ Kg5 53. Rc5+ Kg6 54. Rh5 h2 55. Kg3 Rb2 56. Rxh2 Rxb4 57. Rc2 Rb3+ 58. Kh4 Rb6 59. Rc8 Ra6 60. Rg8+ Kh7 1/2-1/2

[Event "22nd ETCC Women 2019"]
[Site "Batumi"]
[Date "2019.10.26"]
[Round "3.1"]
[White "Vega Gutierrez, Sabrina"]
[Black "Goryachkina, Aleksandra"]
[Result "0-1"]
[ECO "D17"]
[WhiteElo "2395"]
[BlackElo "2575"]
[Annotator "ChessBase"]
[PlyCount "140"]
[EventDate "2019.10.24"]
[EventType "team-tourn"]
[EventCountry "GEO"]
[SourceTitle "playchess.com"]
[Source "ChessBase"]
[SourceQuality "1"]
[WhiteTeam "Spain"]
[BlackTeam "Russia"]
[WhiteTeamCountry "ESP"]
[BlackTeamCountry "RUS"]
[TimeControl "40/5400+30:1800+30"]

1. d4 d5 2. c4 c6 3. Nc3 Nf6 4. Nf3 dxc4 5. a4 Bf5 6. Ne5 e6 7. f3 Bb4 8. Nxc4 O-O 9. Kf2 c5 10. e4 Bg6 11. Na2 Nc6 12. Nxb4 Nxb4 13. Qb3 Nxe4+ 14. fxe4 Bxe4 15. Bd2 Nc2 16. Rc1 Nxd4 17. Qd1 b6 18. h4 Qd5 19. h5 Rad8 20. Rh3 Qf5+ 21. Kg1 Bc2 22. Rxc2 Qxc2 23. Qe1 h6 24. Bxh6 gxh6 25. Bd3 Nf3+ 26. Rxf3 Rxd3 27. Qg3+ Kh7 28. Rxd3 Qxc4 29. Rd7 Qc1+ 30. Kh2 Qg5 31. Qf3 Qe5+ 32. Kh1 Kg7 33. b3 a6 34. Qg4+ Kh8 35. Qf3 Kg8 36. Rb7 Qe1+ 37. Kh2 Qh4+ 38. Kg1 Qd4+ 39. Kh1 b5 40. axb5 axb5 41. Rxb5 Rd8 42. Qg3+ Kf8 43. Kh2 Qd5 44. Qc3 Qxh5+ 45. Kg1 Rd1+ 46. Kf2 Qf5+ 47. Ke3 Qg5+ 48. Ke2 Qxg2+ 49. Kxd1 Qf1+ 50. Kc2 Qxb5 51. Qh8+ Ke7 52. Qxh6 Qe2+ 53. Kc3 Qe1+ 54. Kb2 Qe5+ 55. Ka2 Qd5 56. Qh4+ Ke8 57. Qh8+ Kd7 58. Qg7 Qd2+ 59. Ka3 Qc1+ 60. Ka2 Qf4 61. Qf8 c4 62. bxc4 Qxc4+ 63. Kb2 e5 64. Qb8 Qd4+ 65. Ka2 Qd5+ 66. Ka1 e4 67. Qa7+ Ke6 68. Qb6+ Ke5 69. Qc7+ Kf5 70. Qc8+ Qe6 0-1

[Event "22nd ETCC Women 2019"]
[Site "Batumi"]
[Date "2019.10.26"]
[Round "3.1"]
[White "Nazarova, Anastasia"]
[Black "Rapport, Jovana"]
[Result "0-1"]
[ECO "B13"]
[WhiteElo "2147"]
[BlackElo "2379"]
[Annotator "NA"]
[PlyCount "108"]
[EventDate "2019.10.24"]
[EventType "team-tourn"]
[EventCountry "GEO"]
[SourceTitle "playchess.com"]
[Source "ChessBase"]
[SourceQuality "1"]
[WhiteTeam "Finland"]
[BlackTeam "Serbia"]
[WhiteTeamCountry "FIN"]
[BlackTeamCountry "SRB"]
[TimeControl "40/5400+30:1800+30"]

1. e4 c6 2. d4 d5 3. exd5 cxd5 4. Bd3 Nf6 5. c3 Bg4 6. Qb3 Qc7 7. h3 Bh5 8. g4 Bg6 9. Bxg6 hxg6 10. g5 Nfd7 11. Qxd5 e5 12. Be3 Nc6 13. dxe5 Ncxe5 14. Nd2 O-O-O 15. O-O-O Nc5 16. Qg2 Ncd3+ 17. Kb1 Ba3 18. Ngf3 Nxb2 19. Nxe5 Rh4 20. Bd4 f6 21. Nxg6 Nxd1 22. Rxd1 Rhxd4 23. cxd4 Rxd4 24. Qf1 Qd7 25. Qe2 Qf5+ 26. Ka1 Qc2 27. Qe6+ Rd7 28. Qb3 Bb2+ 29. Qxb2 Qxd1+ 30. Nb1 Rd6 31. Ne7+ Kb8 32. Qc3 Qd4 33. gxf6 Qxf6 34. Qxf6 Rxf6 35. h4 Rxf2 36. Nc3 Rf4 37. Ng6 Rg4 38. h5 Kc7 39. Nd5+ Kd6 40. Ndf4 b5 41. Kb2 Rg3 42. a3 a5 43. Ka2 Rf3 44. Kb2 a4 45. Ka2 Rf2+ 46. Ka1 Rh2 47. Kb1 Kc5 48. Ne6+ Kc4 49. Nxg7 Kb3 50. Kc1 b4 51. Ne6 Kxa3 52. Ne5 Rxh5 53. Nc4+ Ka2 54. Nd2 b3 0-1

[Event "22nd ETCC Women 2019"]
[Site "Batumi"]
[Date "2019.10.26"]
[Round "3.2"]
[White "Lagno, Kateryna"]
[Black "Garcia Martin, Marta"]
[Result "1/2-1/2"]
[ECO "C97"]
[WhiteElo "2549"]
[BlackElo "2305"]
[Annotator "ChessBase"]
[PlyCount "133"]
[EventDate "2019.10.24"]
[EventType "team-tourn"]
[EventCountry "GEO"]
[SourceTitle "playchess.com"]
[Source "ChessBase"]
[SourceQuality "1"]
[WhiteTeam "Russia"]
[BlackTeam "Spain"]
[WhiteTeamCountry "RUS"]
[BlackTeamCountry "ESP"]
[TimeControl "40/5400+30:1800+30"]

1. e4 e5 2. Nf3 Nc6 3. Bb5 a6 4. Ba4 Nf6 5. O-O Be7 6. Re1 b5 7. Bb3 d6 8. c3 O-O 9. h3 Na5 10. Bc2 c5 11. d4 Qc7 12. Nbd2 Bd7 13. Nf1 Nc4 14. b3 Nb6 15. Ne3 c4 16. bxc4 Nxc4 17. Nxc4 bxc4 18. Ba3 Rfe8 19. d5 Bf8 20. Nd2 Rec8 21. Rb1 Rab8 22. Rxb8 Rxb8 23. Bb4 g6 24. Qe2 Rc8 25. Kh2 Bb5 26. Rb1 Bh6 27. a4 Be8 28. Ba3 a5 29. Nf1 Nd7 30. Ne3 Nb6 31. Ng4 Bg5 32. h4 Bxh4 33. Nh6+ Kh8 34. Qg4 Bxf2 35. Qg5 Nd7 36. Qe7 Qd8 37. Bxd6 Qxe7 38. Bxe7 Bc5 39. Bxc5 Nxc5 40. Ng4 Nxe4 41. Bxe4 f5 42. Nf6 Bf7 43. Bc2 Rd8 44. Rb7 Kg7 45. Nd7 Bxd5 46. Ra7 Kh6 47. Nxe5 Re8 48. Rxa5 Rxe5 49. Bd1 Re3 50. Rxd5 Rxc3 51. Rc5 Rc1 52. Be2 c3 53. a5 Ra1 54. a6 Ra3 55. Rc7 Kg5 56. Rxh7 Kf4 57. Rc7 Ke3 58. Bf3 Rxa6 59. Rxc3+ Kf4 60. Rc6 Rxc6 61. Bxc6 g5 62. Kh3 Ke3 63. Kg3 Kd4 64. Kf3 Ke5 65. Ke3 Kd6 66. Bb7 Ke5 67. Bc8 1/2-1/2

[Event "22nd ETCC Women 2019"]
[Site "Batumi"]
[Date "2019.10.26"]
[Round "3.2"]
[White "Eric, Jovana"]
[Black "Puuska, Heini"]
[Result "1-0"]
[ECO "B10"]
[WhiteElo "2285"]
[BlackElo "1992"]
[Annotator "NA"]
[PlyCount "55"]
[EventDate "2019.10.24"]
[EventType "team-tourn"]
[EventCountry "GEO"]
[SourceTitle "playchess.com"]
[Source "ChessBase"]
[SourceQuality "1"]
[WhiteTeam "Serbia"]
[BlackTeam "Finland"]
[WhiteTeamCountry "SRB"]
[BlackTeamCountry "FIN"]
[TimeControl "40/5400+30:1800+30"]

1. e4 c6 2. Nf3 d5 3. exd5 cxd5 4. Ne5 Nf6 5. d4 g6 6. h4 Nbd7 7. Nc3 Ne4 8. Bb5 Nxc3 9. bxc3 Bg7 10. Qf3 Bxe5 11. dxe5 a6 12. Ba4 Qa5 13. Bb3 Nxe5 14. Qg3 Nc4 15. O-O Bf5 16. Re1 e6 17. Bg5 Rc8 18. Bf6 Rg8 19. Rad1 Kd7 20. Qf4 g5 21. hxg5 Qc5 22. Rd4 Qd6 23. Qf3 Nb6 24. c4 Rc5 25. cxd5 Nxd5 26. Bxd5 Rxd5 27. Rxd5 Qxd5 28. Rd1 1-0